Map: King Sejong Station LE

Players

ASB - Winner!

  • Race: Terran Terran
  • League: Master

byteomator

  • Race: Terran Terran
  • League: Master

VOD

Have the link to the VOD?

Description

Time

  • Played on: Oct. 23, 2016, 7:03 p.m.
  • Length: 10:53
Show
View Real Time Build Order
Export as new Build Order

ASB Terran - Winner!

Build Orders: Bio Tank 

Get SALT Encoding   

  12  0:00  SCV  
  13  0:12  SCV  
  14  0:17  Supply Depot  
  14  0:25  SCV  
  14  0:27  Refinery  
  15  0:39  SCV  
  16  0:44  Barracks  
  16  0:51  SCV  
  17  1:02  Refinery  
  17  1:03  SCV  
  18  1:15  SCV  
  19  1:31  Reaper  
  19  1:32  Orbital Command  
  20  1:38  Factory  
  20  1:52  Supply Depot  
  19  1:58  SCV  
  20  2:03  Reaper  
  21  2:10  SCV  
  22  2:22  Hellion  
  24  2:27  SCV  
  25  2:30  Command Center, Unknown  
  25  2:39  Barracks Reactor  
  25  2:44  SCV  
  25  2:50  Hellion  
  27  2:56  SCV  
  28  3:00  Starport  
  28  3:08  SCV  
  29  3:19  Marine x2  
  31  3:20  Factory Tech Lab  
  31  3:26  SCV, Supply Depot  
  32  3:38  SCV  
  33  3:45  Marine x2, Siege Tank  
  33  3:48  Medivac  
  40  3:50  SCV  
  41  4:01  Unknown  
  41  4:02  SCV, Orbital Command  
  42  4:04  Marine  
  42  4:08  Marine  
  44  4:14  SCV  
  45  4:27  SCV  
  46  4:32  Marine x2  
  46  4:33  Cloaking Field, Banshee  
  46  4:34  Factory Tech Lab  
  46  4:36  SCV  
  52  4:42  SCV, Supply Depot  
  53  4:47  Engineering Bay  
  53  4:51  SCV  
  54  5:03  SCV  
  54  5:05  SCV  
  56  5:09  Marine x2  
  56  5:10  Siege Tank  
  60  5:15  SCV  
  50  5:23  SCV  
  50  5:24  Banshee  
  54  5:32  SCV  
  57  5:38  SCV  
  58  5:46  Siege Tank  
  58  5:48  Command Center, Unknown  
  59  5:51  Barracks  
  59  5:52  SCV, Barracks  
  59  5:56  Barracks Tech Lab  
  60  5:59  SCV  
  61  6:04  SCV  
  61  6:11  SCV  
  63  6:14  Marine  
  63  6:17  Stimpack  
  64  6:21  SCV  
  65  6:27  SCV, Starport Reactor  
  65  6:28  Refinery  
  65  6:29  Refinery  
  65  6:31  Barracks  
  65  6:32  Supply Depot, Barracks, Marine  
  67  6:48  SCV  
  67  6:50  Marine  
  67  6:51  Barracks Reactor, Marine  
  67  6:54  Marine  
  70  6:55  Terran Infantry Weapons Level 1  
  70  6:59  Engineering Bay  
  70  7:00  Supply Depot, Unknown  
  71  7:04  SCV  
  69  7:09  Marine, Siege Tank  
  69  7:10  Medivac  
  69  7:15  SCV  
  76  7:16  SCV  
  76  7:19  Marine x2  
  76  7:20  Barracks Reactor  
  80  7:23  Barracks Reactor  
  80  7:26  Marine  
  80  7:30  Orbital Command  
  80  7:42  Marine x4  
  84  7:45  SCV, Siege Tank  
  84  7:46  SCV  
  84  7:47  Terran Infantry Armor Level 1  
  89  7:53  Supply Depot  
  89  7:57  Supply Depot  
  89  7:58  SCV  
  90  8:07  SCV  
  84  8:20  Marine  
  84  8:21  Marine x5  
  84  8:22  Siege Tank  
  84  8:24  Missile Turret  
  84  8:25  Medivac x2  
  84  8:26  SCV x2  
  99  8:28  SCV  
  99  8:34  Marine x2  
  100  8:40  Barracks  
  100  8:41  Barracks  
  101  8:44  Supply Depot  
  101  8:52  SCV x3  
  101  8:53  Marine x2  
  103  9:03  Marine x6  
  103  9:04  SCV, Siege Tank  
  103  9:09  Medivac, Marine  
  78  9:10  SCV, Medivac, Marine  
  120  9:17  Combat Shields  
  120  9:18  SCV x2  
  120  9:22  SCV, Refinery  
  120  9:23  Refinery  
  123  9:27  Missile Turret, Supply Depot  
  123  9:28  Barracks Reactor  
  123  9:29  Barracks Reactor  
  123  9:30  SCV, Marine x3  
  127  9:38  Marine  
  127  9:39  Marine x2  
  127  9:43  Siege Tank  
  127  9:44  Marine x3  
  136  9:46  SCV x3  
  136  9:51  Supply Depot  
  139  9:54  Armory  
  139  9:55  Marine  
  139  9:57  Marine x4  
  144  10:01  Marine  
  144  10:02  Marine  
  144  10:06  Marine x3  
  149  10:07  Marine x2  
  149  10:12  Supply Depot  
  151  10:15  Siege Tank  
  151  10:33  Marine x2  
  151  10:34  Marine x6  
Show
View Real Time Build Order
Export as new Build Order

byteomator Terran 

Build Orders: Reaper Expand, MMM Bio 

Get SALT Encoding   

  12  0:00  SCV  
  13  0:12  SCV  
  14  0:17  Supply Depot  
  14  0:25  SCV  
  15  0:39  SCV  
  15  0:40  Barracks  
  16  0:46  Refinery  
  16  0:51  SCV  
  17  1:03  SCV  
  18  1:15  SCV  
  19  1:28  Reaper, Orbital Command  
  20  1:55  SCV, Command Center, Unknown  
  20  2:00  Reaper  
  22  2:04  Supply Depot  
  22  2:12  SCV  
  22  2:15  Barracks  
  23  2:16  Refinery  
  23  2:25  SCV  
  23  2:29  Factory  
  23  2:52  Reaper  
  23  2:55  SCV  
  25  3:01  Supply Depot  
  25  3:04  Reaper  
  26  3:07  Unknown  
  26  3:09  SCV  
  27  3:15  Hellion  
  29  3:22  SCV  
  29  3:45  Reaper  
  29  3:46  Reaper, Hellion  
  33  3:51  Starport, Engineering Bay  
  33  3:52  Orbital Command  
  33  3:57  SCV  
  33  4:01  Supply Depot  
  34  4:09  SCV  
  35  4:10  Factory Tech Lab  
  35  4:24  SCV x2  
  35  4:27  Barracks Tech Lab, Barracks Reactor  
  36  4:32  Siege Tank  
  36  4:36  SCV x2, Medivac  
  43  4:40  Supply Depot  
  43  4:43  Bunker  
  43  4:48  SCV  
  43  4:49  SCV  
  43  4:50  Marauder  
  47  4:55  Missile Turret  
  46  5:00  SCV  
  46  5:01  SCV  
  39  5:24  SCV  
  39  5:25  SCV  
  40  5:35  Marine x3  
  42  5:36  Starport Reactor, Siege Tank  
  44  5:45  SCV  
  44  5:46  SCV  
  46  5:58  SCV x2  
  45  6:05  Stimpack  
  45  6:07  Missile Turret  
  38  6:22  Marine x3  
  38  6:25  Missile Turret  
  38  6:26  SCV x2  
  38  6:28  Medivac, Viking  
  42  6:39  SCV x2  
  41  6:40  Marine x2  
  40  6:48  Marine  
  40  6:51  SCV x2  
  41  6:58  Marine x2  
  38  7:03  SCV x2  
  38  7:06  Marine  
  37  7:15  SCV x2  
  39  7:24  Marine x3  
  39  7:27  SCV x2  
  44  7:36  Missile Turret  
  44  7:39  SCV x2  
  44  7:41  Marine  
  44  7:42  Marine x2  
  49  7:51  SCV x2  
  51  7:59  Marine  
  51  8:03  SCV x2, Command Center, Unknown  
  53  8:13  Combat Shields  
  53  8:14  Marine x2  
  54  8:21  SCV x2  
  54  8:26  Marine  
  57  8:32  Marine  
  57  8:33  SCV  
  57  8:34  SCV  
  60  8:37  Barracks x2  
  60  8:46  SCV x2  
  60  8:51  Marine x2  
  60  8:58  SCV x2  
  59  9:07  Siege Tank  
  62  9:10  SCV x2  
  62  9:12  Supply Depot  
  62  9:13  Supply Depot  
  62  9:14  Unknown, Orbital Command  
  64  9:23  Marine x3  
  67  9:24  SCV x2  
  67  9:26  Barracks Reactor x2  
  69  9:36  SCV x2  
  69  9:38  Orbital Command  
  71  9:39  Refinery  
  71  9:41  Refinery  
  71  9:45  Marine x3  
  74  9:48  SCV x2  
  76  10:00  SCV, Sensor Tower  
  76  10:01  SCV  
  76  10:02  Marine  
  76  10:03  Medivac, Marine  
  82  10:08  Engineering Bay  
  82  10:10  SCV  
  82  10:11  Supply Depot  
  82  10:12  Supply Depot  
  82  10:13  SCV  
  84  10:20  SCV  
  85  10:22  SCV  
  85  10:25  SCV  
  83  10:37  SCV x2  
Tags
 
Add a new tag
Caveats
  • Supply blocks, unpowered buildings, or Contaminate may cause inaccurate times.
  • Supply counts are checked every 10 seconds.